 Dungeon Crawl Stone Soup version 0.23.2-1-ga50397a6bc (webtiles) character file.

Game seed: 4906421485700968662

1731 VeryBadPlayer the Fighter (level 8, -3/75 HPs)
             Began as a Minotaur Fighter on Apr 16, 2019.
             Slain by an orc warrior
             ... wielding a +0 scimitar
              (9 damage)
             ... on level 6 of the Dungeon on May 2, 2019.
             The game lasted 00:11:10 (4538 turns).

VeryBadPlayer the Fighter (Minotaur Fighter)        Turns: 4538, Time: 00:11:10

Health: -3/75      AC:  9    Str: 22    XL:     8   Next: 76%
Magic:  7/7        EV:  5    Int:  5    God:
Gold:   190        SH: 11    Dex: 13    Spells: 7/7 levels left

rFire    . . .     SeeInvis .   a - +0 war axe
rCold    . . .     Gourm    .   c - +0 shield
rNeg     . . .     Faith    .   q - +0 plate armour
rPois    .         Spirit   .   (helmet restricted)
rElec    .         Reflect  .   (no cloak)
rCorr    .         Harm     .   (no gloves)
MR       .....                  (no boots)
Stlth    ..........             (no amulet)
HPRegen  0.22/turn              i - +2 ring of strength
MPRegen  0.10/turn              p - ring of attention (curse)

@: corroded
A: retaliatory headbutt, horns 2
a: no special abilities


You were on level 6 of the Dungeon.
You were hungry.

You visited 1 branch of the dungeon, and saw 6 of its levels.

You collected 190 gold pieces.

Inventory:

Hand Weapons
 a - a +0 war axe (weapon)
Missiles
 x - 2 throwing nets (quivered)
Armour
 c - a +0 shield (worn)
 q - a +0 plate armour (worn)
Jewellery
 i - a +2 ring of strength (left hand)
 n - an uncursed ring of flight
 p - a cursed ring of attention (right hand)
 s - an uncursed ring of positive energy
 y - an uncursed ring of ice
Wands
 w - a wand of polymorph (5)
Scrolls
 g - 3 scrolls of remove curse {unknown}
 h - 3 scrolls of immolation
 j - a scroll of fog
 k - 2 scrolls of identify {unknown}
 m - 3 scrolls of teleportation
 r - a scroll of blinking {unknown}
 t - 2 scrolls of magic mapping {unknown}
 u - a scroll of random uselessness {unknown}
 v - 2 scrolls of amnesia {unknown}
Potions
 b - a potion of flight {unknown}
 d - a potion of cancellation {unknown}
 e - 3 potions of haste {unknown}
 l - 4 potions of heal wounds {unknown}
 o - a potion of resistance {unknown}
 z - a potion of lignification {unknown}
 A - 2 potions of curing {unknown}
Comestibles
 f - 8 rations


   Skills:
 * Level 8.6 Fighting
 * Level 8.2 Axes
 + Level 6.6 Armour
 + Level 6.5 Shields


You had 7 spell levels left.
You didn't know any spells.
Your spell library contained the following spells:

 Spells                   Type           Power        Failure   Level  Hunger
 Confusing Touch          Hex            #.....       100%        1    ##.....
 Confuse                  Hex            #.......     100%        3    ####...
 Gell's Gravitas          Tloc           #.........   100%        3    ####...
 Petrify                  Tmut/Erth      #.......     100%        4    #####..
 Metabolic Englaciation   Hex/Ice        #.........   100%        5    ######.
 Yara's Violent Unravell  Hex/Tmut       #.........   100%        5    ######.


Dungeon Overview and Level Annotations

Branches:
Dungeon (6/15)
 Temple: D:4-7

Altars:
Ru
Sif Muna


Innate Abilities, Weirdness & Mutations

You reflexively headbutt those who attack you in melee.
You have a pair of horns on your head.


Message History

The orc warrior is severely wounded.
You closely miss the orc. You miss something. The orc hits you with a +0 flail.
* * * LOW HITPOINT WARNING * * *
The orc warrior hits you but does no damage.
Something hits you but does no damage.
Unknown command.
You slash the orc warrior! Your headbutt misses the orc warrior.
The orc warrior is almost dead.
You closely miss the orc. You miss something. You block the orc's attack.
Something completely misses you.
The orc warrior hits you with a +0 scimitar.
* * * LOW HITPOINT WARNING * * *
Unknown command.
You hit the orc warrior. Your headbutt misses the orc warrior.
The orc warrior is almost dead.
You hit the orc. You hit something but do no damage.
Something hits you but does no damage. The orc hits you with a +0 flail.
* * * LOW HITPOINT WARNING * * *
The orc warrior hits you with a +0 scimitar!
You die...

#.. #..# #
#.... .##
#... #..#
... ###....
#.###...#
##.....#
#..o@..#
#..o)#.##
#....##..#
#....#
##.####.####
#....
#..........
......
#.<#....###
#....
#.####..#
##... #..#
..# ....#
...


You could see an orc warrior and an orc.

Vanquished Creatures
  Grinder (D:4)
  A phantom (D:4)
  An ogre (D:4)
  A wolf (D:5)
  A bullfrog (D:5)
  3 gnoll sergeants (D:5)
  A jelly (D:6)
  2 bullfrog zombies (D:5)
  3 hounds (D:5)
  2 orc priests (D:5)
  A bullfrog skeleton (D:5)
  3 orc wizards
  4 gnoll shamans (D:5)
  An iguana (D:4)
  A worker ant (D:4)
  Robin (D:2)
  7 adders
  27 gnolls (D:5)
  A shadow imp (D:5)
  3 oozes
  An adder skeleton (D:5)
  3 worms
  A dart slug (D:2)
  2 leopard geckos
  26 orcs
  7 bats
  13 giant cockroaches
  12 goblins
  14 hobgoblins
  7 jackals
  3 kobolds
  3 quokkas
  2 frilled lizards
  A jackal zombie (D:5)
  A leopard gecko zombie (D:5)
  A quokka skeleton (D:5)
  9 rats
171 creatures vanquished.

Notes
Turn   | Place    | Note
-------+----------+-------------------------------------------
     0 | D:1      | VeryBadPlayer the Minotaur Fighter began the quest for the
                  | Orb.
     0 | D:1      | Reached XP level 1. HP: 19/19 MP: 0/0
    55 | D:1      | Reached XP level 2. HP: 27/27 MP: 1/1
   167 | D:1      | Reached XP level 3. HP: 30/33 MP: 2/2
   456 | D:2      | Reached XP level 4. HP: 40/41 MP: 3/3
   919 | D:2      | Found a sacrificial altar of Ru.
   920 | D:2      | Noticed Robin
   932 | D:2      | Killed Robin
  1275 | D:3      | Reached skill level 5 in Fighting
  1275 | D:3      | Reached XP level 5. HP: 36/48 MP: 4/4
  2284 | D:4      | Reached XP level 6. HP: 40/56 MP: 5/5
  2286 | D:4      | Reached skill level 5 in Axes
  2407 | D:4      | Reached skill level 5 in Armour
  2662 | D:4      | Noticed Grinder
  2668 | D:4      | Killed Grinder
  2668 | D:4      | Reached skill level 5 in Shields
  2668 | D:4      | Reached XP level 7. HP: 58/64 MP: 6/6
  2765 | D:4      | Found a deep blue altar of Sif Muna.
  2927 | D:5      | Entered Level 5 of the Dungeon
  3336 | D:5      | Reached XP level 8. HP: 73/73 MP: 7/7
  4538 | D:6      | Slain by an orc warrior

Skill      XL: |  1  2  3  4  5  6  7  8 |
---------------+-------------------------+-----
Axes           | 3 4 5 6 8 |  8.2
Fighting       | 4 5 6 7 8 |  8.6
Armour         | 4 5 6 |  6.6
Shields        | 4 5 6 |  6.5

Action                   |  1- 3 |  4- 6 |  7- 9 || total
-------------------------+-------+-------+-------++-------
Melee: War axe           |    92 |   178 |   192 ||   462
       Headbutt          |    12 |    25 |    36 ||    73
  Use: Scroll            |       |     4 |       ||     4
       Potion            |       |     1 |       ||     1
  Eat: Chunk             |       |     6 |     6 ||    12
Armor: Scale mail        |    41 |    49 |       ||    90
       Plate armour      |       |    26 |   116 ||   142
Dodge: Dodged            |    32 |    44 |    38 ||   114
Block: Shield            |    59 |    99 |   125 ||   283
